 Dungeon Crawl Stone Soup version 0.31-a0-354-g827e0957a7 (webtiles) character file.

Game seed: 7581133891009179924

201339 quinnr the Cloud Mage (level 18, -6/112 HPs)
             Began as a Tengu Air Elementalist on July 23, 2023.
             Was the Champion of Vehumet.
             Mangled by an emperor scorpion (26 damage)
             ... on level 4 of the Spider Nest.
             The game lasted 01:51:12 (53177 turns).

quinnr the Cloud Mage (Tengu Air Elementalist)     Turns: 53177, Time: 01:51:13

Health: -6/112     AC:  8    Str: 10      XL:     18   Next: 54%
Magic:  0/35       EV: 22    Int: 19 (20) God:    Vehumet [******]
Gold:   3860       SH:  7    Dex: 15      Spells: 13/41 levels left

rFire   . . .        k - staff of air {!a}
rCold   + + +        j - +2 buckler {rC+}
rNeg    + . .        X - +2 leather armour of Reason {rPois rC++ rN+ Int-2}
rPois   +            (helmet restricted)
rElec   +            O - +0 cloak
rCorr   +            Y - +1 pair of gloves
SInv    .            (boots unavailable)
Will    +....        V - amulet "Vubbet" {Acrobat rPois rC+}
Stlth   +++++        Z - ring of wizardry
HPRegen 0.38/turn    R - ring of resist corrosion
MPRegen 0.24/turn

%: acrobat, wizardry (x1)
@: about to teleport, flying quickly and evasively, quick
A: beak, talons 3, nimble flight
}: 1/15 runes: decaying
a: Renounce Religion


You were on level 4 of the Spider Nest.
You worshipped Vehumet.
Vehumet was exalted by your worship.
You visited 6 branches of the dungeon, and saw 31 of its levels.
You also visited: Sewer, Bailey and Volcano.

You collected 4054 gold pieces.
You spent 194 gold pieces at shops.


Innate Abilities, Weirdness & Mutations

You have a beak for a mouth.
You have claws for feet.
Your magical nature lets you fly swiftly and evasively.


   Skills:
 + Level 11.9 Fighting
 - Level 2.0 Staves
 - Level 4.0 Armour
 + Level 14.7 Dodging
 - Level 14.1 Stealth
 - Level 3.0 Shields
 - Level 12.0 Spellcasting
 - Level 8.0 Conjurations
 + Level 8.9 Fire Magic
 - Level 5.0 Ice Magic
 - Level 21.0 Air Magic
 - Level 9.0 Evocations


You had 13 spell levels left.
You knew the following spells:

 Your Spells              Type           Power      Damage    Failure   Level
a - Airstrike             Air            47%        2d(7-23)  0%          4
f - Freezing Cloud        Conj/Ice/Air   34%        6-21      1%          5
i - Swiftness             Air            95%        N/A       0%          3
m - Maxwell's Capacitive  Air            47%        ∞         1%          8
t - Static Discharge      Conj/Air       100%       2-7/arc   1%          2
X - Plasma Beam           Fire/Air       40%        2x1d54    1%          6

Your spell library contained the following spells:

 Spells                   Type           Power      Damage    Failure   Level
 Chain Lightning          Conj/Air       39%        3d52      91%         9
 Fire Storm               Conj/Fire      21%        8d6       100%        9
 Shatter                  Erth           5%         3d8*      100%        9
 Shock                    Conj/Air       100%       1d9       1%          1
 Momentum Strike          Conj/Tloc      52%        3d9       1%          2
 Dazzling Flash           Conj/Hex       52%        N/A       1%          3
 Inner Flame              Hex/Fire       28%        N/A       1%          3
 Ozocubu's Armour         Ice            30%        N/A       1%          3
 Volatile Blastmotes      Fire/Tloc      56%        2d14      1%          3
 Flame Wave               Conj/Fire      43%        2d11      1%          4
 Sticky Flame             Conj/Fire      43%        2d6       1%          4
 Fireball                 Conj/Fire      21%        3d10      1%          5
 Ensorcelled Hibernation  Hex/Ice        40%        N/A       2%          2
 Apportation              Tloc           22%        N/A       4%          1
 Necrotise                Necr           44%        1d6       4%          1
 Summon Small Mammal      Summ           44%        N/A       4%          1
 Blink                    Tloc           22%        N/A       7%          2
 Lesser Beckoning         Tloc           22%        N/A       7%          2
 Passwall                 Tmut/Erth      9%         N/A       7%          2
 Sublimation of Blood     Necr           11%        N/A       7%          2
 Wereblood                Tmut           11%        N/A       7%          2
 Irradiate                Conj/Tmut      13%        3d16      7%          5
 Starburst                Conj/Fire      21%        6d7       7%          6
 Gell's Gravitas          Tloc           11%        N/A       14%         3
 Teleport Other           Tloc           11%        N/A       14%         3
 Summon Ice Beast         Ice/Summ       20%        N/A       16%         4
 Anguish                  Hex/Necr       5%         N/A       41%         4
 Cause Fear               Hex            5%         N/A       41%         4
 Ozocubu's Refrigeration  Ice            15%        4d10      69%         7
 Summon Mana Viper        Hex/Summ       11%        N/A       75%         5
 Monstrous Menagerie      Summ           5%         N/A       100%        7
 Summon Hydra             Summ           5%         N/A       100%        7
 Dragon's Call            Summ           5%         N/A       100%        9

Inventory:

Hand Weapons
 L - the +9 rapier of Darkness {heavy, rCorr Int+4 Dex+6}
   (You found it on level 7 of the Dungeon)

   Int:       It affects your intelligence (+4).
   Dex:       It affects your dexterity (+6).
   rCorr:     It protects you from acid and corrosion.
 M - the +8 battleaxe "Detty" {elec, rElec rPois rF- rC++}
   (You found it on level 1 of the Swamp)

   rF:        It makes you vulnerable to fire.
   rC:        It greatly protects you from cold.
   rElec:     It insulates you from electricity.
   rPois:     It protects you from poison.
Missiles
 D - 4 datura-tipped darts
Armour
 j - a +2 buckler of cold resistance (worn)
 O - a +0 cloak (worn)
 X - the +2 leather armour of Reason (worn) {rPois rC++ rN+ Int-2}
   (You found it on level 13 of the Dungeon)

   Int:       It affects your intelligence (-2).
   rC:        It greatly protects you from cold.
   rPois:     It protects you from poison.
   rN:        It protects you from negative energy.
 Y - a +1 pair of gloves (worn)
Magical Staves
 k - a staff of air (weapon) {!a}
Jewellery
 F - a ring of fire
 N - a ring of positive energy
 R - a ring of resist corrosion (right hand)
 T - a +4 ring of protection
 V - the amulet "Vubbet" (around neck) {Acrobat rPois rC+}
   (You found it on level 11 of the Dungeon)

   [amulet of the acrobat]

   It increases your evasion while moving and waiting.
   rC:        It protects you from cold.
   rPois:     It protects you from poison.
 W - the ring of the Blind Eye {rPois Str+4 SInv}
   (You found it on level 5 of the Lair of Beasts)

   [ring of see invisible]

   Str:       It affects your strength (+4).
   rPois:     It protects you from poison.
   SInv:      It lets you see invisible.
 Z - a ring of wizardry (left hand)
Wands
 b - a wand of acid (5)
 e - a wand of digging (11)
 y - a wand of flame (85)
 z - a wand of paralysis (7)
 B - a wand of roots (23)
 I - a wand of polymorph (8)
 Q - a wand of mindburst (21)
Scrolls
 f - 2 scrolls of butterflies
 h - 4 scrolls of poison
 l - 3 scrolls of revelation
 m - 9 scrolls of teleportation {@r2}
 n - a scroll of enchant armour
 o - 5 scrolls of fog
 p - 4 scrolls of enchant weapon {unknown}
 q - 4 scrolls of amnesia
 H - 3 scrolls of immolation
 J - 2 scrolls of blinking
 U - 3 scrolls of brand weapon
Potions
 a - 10 potions of enlightenment
 c - 4 potions of haste {@q3}
 d - 16 potions of curing {@q1}
 i - 9 potions of mutation
 r - 4 potions of berserk rage {!q}
 t - 3 potions of cancellation
 u - 4 potions of resistance
 v - 6 potions of heal wounds {@q2}
 w - a potion of magic
 x - 5 potions of might
 A - 3 potions of lignification
 C - 5 potions of brilliance
 G - 4 potions of invisibility
 K - 4 potions of ambrosia
 P - 3 potions of attraction
Miscellaneous
 g - a phantom mirror (inert)
 s - a box of beasts (inert)
 S - a phial of floods (inert)

Dungeon Overview and Level Annotations

Branches:
Dungeon (15/15)            Temple (1/1) D:5            Lair (5/5) D:8
  Swamp (4/4) Lair:2       Spider (4/4) Lair:2        Slime (0/5) Lair:4
    Orc (2/2) D:10            Elf (0/3) Orc:2        Vaults (0/5) D:14
  Sewer (visited)          Bailey (visited)         Volcano (visited)
 Depths: D:15

Altars:
Ashenzari
Cheibriados
Dithmenos
Elyvilon
Fedhas
Gozag
Hepliaklqana
Kikubaaqudgha
Makhleb
Nemelex Xobeh
Okawaru
Qazlal
Ru
Sif Muna
Trog
Uskayaw
Vehumet
Wu Jian
Xom
Yredelemnul
Zin
The Shining One
Jiyva

Shops:
D:1 ?:[*   D:2 [   D:5 [   Orc:2 *[(:

Annotations:
D:5 exclusion: downstairs
D:15 1 transporter, Itobb's ghost, adept FoFi
Lair:5 exclusion: obsidian statue
Spider:3 exclusion: downstairs

▒▒▒▒▒▒▒
▒▒~.~~^▒ ▒
▒.~...^▒
▒.~▒!s^.^#▒
▒^..!@!..~▒
▒^y^sφH..▒▒
....
▒^H.ss!.^~▒
....
▒▒^^^^.s.▒▒
##..
▒▒^▒.▒.▒▒
....
▒▒▒+▒▒▒ #..
#.. #.. #..


You could see an emperor scorpion (berserk), 2 jorogumos, a wolf spider
(fleeing), a moth of wrath (fleeing), 2 culicivoras and a redback (fleeing).


Message History

You block the emperor scorpion's attack.
The emperor scorpion closely misses you.
The jorogumo hits you!
* * * LOW HITPOINT WARNING * * *
Something hits you but does no damage.
Deactivating autopickup; reactivate with Ctrl-A.
Something closely misses you. Something stings you!
* * * LOW HITPOINT WARNING * * *
You feel dopey.
The moth of wrath goads the culicivora on!
The culicivora goes berserk!
Unknown command.
Unknown command.
Unknown command.
Okay, then.
As you read the scroll of fear, it crumbles to dust.
You assume a fearsome visage.
The culicivora is unaffected. x2
The wolf spider looks frightened!
The emperor scorpion is unaffected.
The jorogumo easily resists.
The redback looks frightened!
The moth of wrath looks frightened!
The jorogumo looks frightened!
The culicivora bites you but does no damage.
The culicivora rages.
The emperor scorpion closely misses you.
The emperor scorpion completely misses you.
The emperor scorpion claws you.
* * * LOW HITPOINT WARNING * * *
The jorogumo misses you. Something hits you but does no damage.
Something barely misses you. x2; You block the culicivora's attack.
The emperor scorpion stings you!!
You die...

Skill      XL: |  1  2  3  4  5  6  7  8  9 10 11 12 13 14 15 16 17 18 |
---------------+-------------------------------------------------------+-----
Fighting       | 1 2 4 8 10 11 | 11.9
Air Magic      | 5 6 9 10 13 16 17 19 21 | 21.0
Dodging        | 3 5 9 12 13 14 | 14.7
Conjurations   | 2 4 5 6 8 |  8.0
Shields        | 1 3 |  3.0
Evocations     | 1 2 3 6 9 |  9.0
Spellcasting   | 4 5 6 7 8 9 10 11 12 | 12.0
Staves         | 2 |  2.0
Stealth        | 6 8 13 14 | 14.1
Armour         | 2 4 |  4.0
Ice Magic      | 5 |  5.0
Fire Magic     | 6 8 |  8.9

Action                     |  1- 3 |  4- 6 |  7- 9 | 10-12 | 13-15 | 16-18 || total
---------------------------+-------+-------+-------+-------+-------+-------++-------
  Melee: Staff             |       |    23 |     7 |    21 |    29 |    51 ||   131
         Peck              |       |     5 |     1 |     5 |     3 |     9 ||    23
         Kick              |       |     8 |     4 |     5 |    11 |    13 ||    41
   Cast: Shock             |    39 |    81 |   132 |   123 |       |       ||   375
         Static Discharge  |     1 |    10 |    10 |   115 |    59 |    10 ||   205
         Swiftness         |       |     2 |     2 |     2 |    10 |    20 ||    36
         Airstrike         |       |       |    75 |   232 |   335 |    97 ||   739
         Freezing Cloud    |       |       |       |    16 |   201 |    95 ||   312
         Plasma Beam       |       |       |       |       |    57 |   382 ||   439
  Evoke: Wand              |       |       |     3 |    10 |    18 |    14 ||    45
         Phial of floods   |       |       |       |     1 |     2 |     3 ||     6
         Box of beasts     |       |       |       |       |       |     1 ||     1
         Phantom mirror    |       |       |       |       |       |     1 ||     1
    Use: Potion            |     1 |       |       |       |     2 |     2 ||     5
         Scroll            |     1 |     3 |     1 |     4 |    20 |    10 ||    39
   Stab: Sleeping          |       |     1 |       |       |     1 |       ||     2
 Armour: Robe              |     3 |     3 |     8 |     8 |     2 |       ||    24
         Leather armour    |       |       |       |       |     8 |    47 ||    55
  Dodge: Dodged            |     4 |    19 |    41 |   154 |   170 |   297 ||   685
  Block: Other             |    12 |       |       |       |       |       ||    12
         Buckler           |       |    18 |    17 |    37 |    40 |    83 ||   195
         Reflection        |       |       |     1 |       |       |       ||     1

Levels and vault maps discovered:
D:1:      dpeg_arrival_rooms_with_view, layout_loops_cross, serial_shops,
          nicolae_book_shop_shelving, nicolae_shop_stone, shop,
          nicolae_lakefront_shop
D:2:      layout_rooms, serial_shops, shop
D:3:      minmay_angry_zag, layout_basic, cheibrodos_sewer_entry_drain,
          serial_bayou_lake_a, uniq_robin
D:4:      layout_loops_cross, vehumet_statue, uniq_natasha, uniq_pikel
D:5:      layout_loops_ring, lemuel_coloured_pillars_altar,
          lemuel_zombie_altar_kikubaaqudgha, minmay_temple_entry_glass,
          serial_shops, nicolae_shop_window_shopping, minivault_25,
          uniq_blork_the_orc
D:6:      layout_cave_pools, cheibrodos_ashenzari_chains,
          mainiacjoe_overflow_large_starburst, slow_altar_2
D:7:      minmay_the_grid_square_5x5_3x3
          [minmay_the_grid_square_5x5_checkered_sparse,
          minmay_the_grid_square_5x5_one_wall,
          minmay_the_grid_square_5x5_spiral_small,
          minmay_the_grid_square_5x5_eight,
          minmay_the_grid_square_5x5_megaprize_hollow,
          minmay_the_grid_square_5x5_meh,
          minmay_the_grid_square_5x5_checkered_statues,
          minmay_the_grid_square_5x5_hourglass,
          minmay_the_grid_square_5x5_eight_small], layout_basic,
          xom_redecorated, hangedman_decor_peaks_small, minmay_joined_circles,
          uniq_crazy_yiuf_cottage
D:8:      layout_loops_corners, mainiacjoe_overflow_small_starburst,
          david_lair_shrubbed, enter_bailey_8
D:9:      layout_roguey, kennysheep_mini, mainiacjoe_overflow_24_doors,
          lemuel_doored_altar, lightli_church_of_beogh
D:10:     layout_irregular_city, orc_0_dummy, ebering_ghost_xom, uniq_maurice,
          uniq_sonja
D:11:     layout_roguey, hangedman_decor_opposing
D:12:     layout_rooms, kennysheep_opposing_triangles
D:13:     layout_roguey, uniq_urug, uniq_nessos, uniq_lodul
D:14:     layout_rooms, david_vaults_2, chequers_serial_rivers_micro_c
D:15:     grunt_enter_depths_snipers, layout_loops_ring,
          hangedman_abyss_or_decor_stabs, gammafunk_ghost_stat_death,
          enter_trove_1
Temple:   nicolae_temple_two_arcs
Lair:1:   layout_gridlike, pond
Lair:2:   layout_chaotic_city, minmay_swamp_entry_reptiles,
          spider_nest_entry_webs, serial_forest, infiniplex_forest_clump_large,
          infiniplex_forest_clump_medium, infiniplex_forest_lined_3,
          infiniplex_forest_lined_3_way, infiniplex_forest_split,
          infiniplex_forest_straight_4, infiniplex_forest_clump_medium,
          nzn_masters_of_martial_movement
Lair:3:   layout_loops_ring, basic_altar
Lair:4:   layout_cave_shapes, slime_entry_1, basic_altar,
          ebering_ghost_rock_garden, enter_volcano_4
Lair:5:   due_jungle_book, layout_loops_ring, chequers_serial_rivers_room_a
Swamp:1:  layout_basic_swamp, hangedman_swamp_blocks, swamp_pool5
Swamp:2:  layout_falls_marsh, serial_swamp_ruin, evilmike_swamp_ruin_rubble_1,
          evilmike_swamp_ruin_house_5
Swamp:3:  layout_falls_marsh, evilmike_swamp_ruin_house_4,
          infiniplex_staircase_pool
Swamp:4:  nzn_swamp_witches_coven, layout_basic_swamp
Spider:1: layout_spider_delve, hangedman_spider_tarantella_strand,
          uniq_asterion, uniq_louise
Spider:2: layout_spider_delve, uniq_arachne
Spider:3: layout_spider_delve, drop_trap
Spider:4: grunt_spider_rune_island
Orc:1:    layout_caves, serial_shops, shop
Orc:2:    grunt_orc_gardens, layout_caves, grunt_orc_garden, grunt_orc_garden,
          grunt_orc_garden, grunt_orc_garden

Notes
Turn   | Place    | Note
-------+----------+-------------------------------------------
     0 | D:1      | quinnr the Tengu Air Elementalist began the quest for the
                  | Orb.
     0 | D:1      | Reached XP level 1. HP: 10/10 MP: 4/4
   119 | D:1      | Found Plog's Book Emporium.
   280 | D:1      | Reached XP level 2. HP: 15/15 MP: 4/6
   311 | D:1      | Learned a level 2 spell: Static Discharge
   377 | D:1      | Found Uzothoub's Antique Armour Shop.
   443 | D:1      | Found Cutuas's General Store.
   682 | D:1      | Reached skill level 1 in Fighting
   682 | D:1      | Reached skill level 5 in Air Magic
   682 | D:1      | Reached XP level 3. HP: 3/20 MP: 4/7
   886 | D:1      | Found Esoemp's Magic Scroll Shop.
   895 | D:1      | Bought a scroll of identify for 20 gold pieces
   981 | D:2      | Learned a level 3 spell: Swiftness
  1110 | D:2      | Reached skill level 3 in Dodging
  1117 | D:2      | Reached XP level 4. HP: 21/25 MP: 4/8
  1221 | D:2      | Found Pitt's Antique Armour Shoppe.
  1539 | D:3      | Noticed Robin
  1635 | D:3      | Reached skill level 2 in Conjurations
  1635 | D:3      | Gained mutation: Your magical nature lets you fly swiftly
                  | and evasively. [Tengu growth]
  1635 | D:3      | Reached XP level 5. HP: 27/29 MP: 9/9
  1641 | D:3      | Reached skill level 1 in Shields
  1641 | D:3      | Reached skill level 1 in Evocations
  1665 | D:3      | Killed Robin
  1703 | D:3      | Found a glowing drain.
  1713 | Sewer    | Entered a sewer
  1943 | Sewer    | Reached skill level 6 in Air Magic
  1943 | Sewer    | Reached XP level 6. HP: 33/34 MP: 11/11
  2117 | D:1      | Bought a runed robe for 114 gold pieces
  2117 | D:1      | Identified a +2 robe of resistance (You bought it in a shop
                  | on level 1 of the Dungeon)
  2267 | D:2      | Reached skill level 3 in Spellcasting
  2267 | D:2      | Reached skill level 2 in Evocations
  2463 | D:4      | Reached skill level 2 in Shields
  2546 | D:4      | Noticed Natasha
  2554 | D:4      | Killed Natasha
  2600 | D:4      | Noticed Natasha
  2606 | D:4      | Killed Natasha
  2709 | D:4      | Noticed Natasha
  2718 | D:4      | Killed Natasha
  2795 | D:4      | Reached skill level 3 in Shields
  2795 | D:4      | Reached skill level 4 in Spellcasting
  2795 | D:4      | Reached XP level 7. HP: 38/38 MP: 14/14
  2800 | D:4      | Learned a level 4 spell: Airstrike
  3206 | D:4      | Found a radiant altar of Vehumet.
  3207 | D:4      | Noticed Pikel
  3209 | D:4      | Killed Pikel
  3210 | D:4      | Reached skill level 9 in Air Magic
  3210 | D:4      | Reached XP level 8. HP: 43/43 MP: 15/15
  3394 | D:4      | Became a worshipper of Vehumet
  4045 | D:3      | Reached skill level 2 in Fighting
  4423 | D:5      | Entered Level 5 of the Dungeon
  4431 | D:5      | Reached * piety under Vehumet
  4431 | D:5      | Offered knowledge of Magic Dart by Vehumet.
  4536 | D:5      | Found Ikom's Armour Shop.
  4688 | D:6      | Reached skill level 4 in Dodging
  4689 | D:6      | Noticed a yak
  4856 | D:5      | Noticed Blork the orc
  4859 | D:5      | Killed Blork the orc
  5130 | D:5      | Reached skill level 5 in Spellcasting
  5138 | D:5      | Reached skill level 10 in Air Magic
  5370 | D:5      | Reached skill level 5 in Dodging
  5451 | D:5      | Found an ancient bone altar of Kikubaaqudgha.
  5505 | D:5      | Found a staircase to the Ecumenical Temple.
  5512 | D:5      | Reached XP level 9. HP: 48/48 MP: 9/17
  5519 | D:5      | Reached skill level 6 in Dodging
  5522 | Temple   | Entered the Ecumenical Temple
  5882 | D:5      | Found a bloodstained altar of Trog.
  6000 | D:5      | Offered knowledge of Freeze by Vehumet.
  6001 | D:5      | Reached skill level 7 in Dodging
  6153 | D:5      | Reached skill level 8 in Dodging
  6215 | D:5      | Reached skill level 9 in Dodging
  6310 | D:6      | Reached ** piety under Vehumet
  6706 | D:6      | Reached skill level 6 in Spellcasting
  6763 | D:6      | Found a stormy altar of Qazlal.
  6763 | D:6      | Found a shimmering blue altar of Sif Muna.
  6876 | D:6      | Found a broken altar of Ashenzari.
  7009 | D:6      | Found a snail-covered altar of Cheibriados.
  7203 | D:7      | Reached skill level 3 in Fighting
  7227 | D:7      | Reached skill level 4 in Fighting
  7227 | D:7      | Reached skill level 1 in Staves
  7350 | D:7      | Reached skill level 2 in Staves
  7350 | D:7      | Reached XP level 10. HP: 56/56 MP: 20/20
  7400 | D:7      | Reached skill level 3 in Stealth
  7443 | D:7      | Reached skill level 4 in Stealth
  7594 | D:7      | Reached skill level 5 in Stealth
  8017 | D:7      | Reached skill level 6 in Stealth
  8255 | D:7      | Offered knowledge of Inner Flame by Vehumet.
  8325 | D:7      | Reached skill level 11 in Air Magic
  8684 | D:7      | Identified the +9 rapier of Darkness {heavy, rCorr Int+4
                  | Dex+6}
  8701 | D:7      | Found a shimmering altar of Xom.
  8705 | D:7      | Found a shimmering altar of Xom.
  8706 | D:7      | Found a shimmering altar of Xom.
  9307 | D:7      | Found a runed translucent door.
  9308 | D:7      | Noticed Crazy Yiuf
  9460 | D:7      | Reached skill level 12 in Air Magic
  9530 | D:7      | Reached *** piety under Vehumet
  9920 | D:7      | Killed Crazy Yiuf
 10029 | D:8      | Reached skill level 13 in Air Magic
 10094 | D:8      | Found a basalt altar of Yredelemnul.
 10308 | D:8      | Found a flagged portal.
 10319 | Bailey   | Entered a bailey
 10374 | Bailey   | Offered knowledge of Flame Wave by Vehumet.
 10378 | Bailey   | Reached XP level 11. HP: 61/61 MP: 20/21
 10676 | Bailey   | Reached skill level 14 in Air Magic
 10697 | Bailey   | Reached skill level 1 in Armour
 10751 | Bailey   | Reached skill level 2 in Armour
 10899 | Bailey   | Found an iron altar of Okawaru.
 11514 | D:9      | Reached skill level 7 in Spellcasting
 11604 | D:9      | Reached skill level 3 in Conjurations
 11661 | D:9      | Reached **** piety under Vehumet
 11844 | D:9      | Offered knowledge of Ignite Poison by Vehumet.
 12032 | D:9      | Found a hide-covered altar of Uskayaw.
 12116 | D:9      | Reached skill level 4 in Conjurations
 12290 | D:9      | Found a sacrificial altar of Ru.
 12379 | D:9      | Found a glowing silver altar of Zin.
 12456 | D:9      | Reached skill level 15 in Air Magic
 12590 | D:9      | Found a runed translucent door.
 12802 | D:9      | Noticed a two-headed ogre
 13182 | D:9      | Reached skill level 16 in Air Magic
 13192 | D:9      | Killed a two-headed ogre
 13433 | D:10     | Entered Level 10 of the Dungeon
 13437 | D:10     | Reached skill level 3 in Evocations
 13441 | D:10     | Reached ***** piety under Vehumet
 13441 | D:10     | Offered knowledge of Freezing Cloud by Vehumet.
 13554 | D:10     | Noticed Maurice
 13581 | D:9      | Reached XP level 12. HP: 46/66 MP: 11/24
 13906 | D:10     | Reached skill level 4 in Evocations
 13997 | D:10     | Found a runed translucent door.
 13999 | D:10     | Found a shimmering altar of Xom.
 13999 | D:10     | Noticed drugrobin's ghost (journeyman DgDe)
 14139 | D:10     | Killed Maurice
 14140 | D:10     | Reached skill level 8 in Spellcasting
 14228 | D:10     | Noticed Sonja
 14231 | D:10     | Killed Sonja
 14232 | D:10     | Reached skill level 5 in Evocations
 14340 | D:10     | Found a staircase to the Orcish Mines.
 14380 | D:10     | Reached skill level 6 in Evocations
 14785 | D:11     | Learned a level 5 spell: Freezing Cloud
 14974 | D:11     | Reached skill level 1 in Ice Magic
 15071 | D:11     | Identified the amulet "Vubbet" {Acrobat rPois rC+}
 15187 | D:12     | Reached skill level 2 in Ice Magic
 15394 | D:12     | Noticed a centaur warrior
 15582 | D:12     | Killed a centaur warrior
 15583 | D:12     | Reached skill level 3 in Ice Magic
 15797 | D:12     | Reached skill level 4 in Ice Magic
 15797 | D:12     | Reached skill level 17 in Air Magic
 15951 | D:12     | Noticed a boulder beetle
 16206 | D:12     | Killed a boulder beetle
 16321 | D:12     | Reached skill level 5 in Conjurations
 16330 | D:12     | Reached skill level 5 in Ice Magic
 16958 | D:11     | Reached XP level 13. HP: 70/70 MP: 6/26
 17838 | D:8      | Found a staircase to the Lair.
 18060 | Lair:1   | Entered Level 1 of the Lair of Beasts
 18069 | D:8      | Reached skill level 10 in Dodging
 18557 | Lair:1   | Reached skill level 18 in Air Magic
 19493 | Lair:2   | Offered knowledge of Orb of Destruction by Vehumet.
 19729 | Lair:2   | You are sucked into a shaft and drop 2 floors!
 19766 | Lair:4   | Found a dark tunnel.
 19772 | Volcano  | Entered a volcano
 19923 | Volcano  | Reached skill level 11 in Dodging
 20318 | Volcano  | Identified the -1 kite shield of Hadjma {rPois rC+ Int-5}
 20332 | Volcano  | Identified the +0 helmet of Kleptomania {rElec rF+ Str+7
                  | Int-5 Slay+2}
 21020 | Lair:4   | Noticed Fagh's ghost (journeyman DsCK)
 21021 | Lair:4   | Found a runed translucent gate.
 21022 | Lair:4   | Found a runed translucent gate.
 21023 | Lair:4   | Found a runed translucent gate.
 21275 | Lair:4   | Found an iron altar of Okawaru.
 21342 | Lair:4   | Found a viscous altar of Jiyva.
 21343 | Lair:4   | Found a staircase to the Slime Pits.
 21520 | Lair:4   | Killed Fagh's ghost
 21521 | Lair:4   | Reached skill level 19 in Air Magic
 21659 | Lair:5   | Entered Level 5 of the Lair of Beasts
 21667 | Lair:5   | Reached skill level 12 in Dodging
 22116 | Lair:5   | Reached XP level 14. HP: 76/76 MP: 27/27
 22897 | Lair:5   | Reached skill level 13 in Dodging
 22904 | Lair:5   | Reached skill level 20 in Air Magic
 22908 | Lair:5   | Reached skill level 6 in Conjurations
 23115 | Lair:5   | Identified the ring of the Blind Eye {rPois Str+4 SInv}
 23386 | Lair:5   | Noticed a dire elephant
 23386 | Lair:5   | Noticed a dire elephant
 23991 | Lair:5   | Identified the +1 leather armour "Ynaat" {rC+++ Regen+
                  | Int+4}
 25139 | Lair:5   | Reached skill level 7 in Stealth
 25163 | Lair:5   | Killed a dire elephant
 25163 | Lair:5   | Offered knowledge of Spellforged Servitor by Vehumet.
 25489 | Lair:5   | Killed a dire elephant
 26179 | Lair:2   | Found an ornate altar of the Wu Jian Council.
 26179 | Lair:2   | Found a hide-covered altar of Uskayaw.
 26721 | Lair:2   | Found a staircase to the Swamp.
 26846 | Lair:2   | Found a hole to the Spider Nest.
 27321 | Lair:3   | Reached skill level 9 in Spellcasting
 27486 | Lair:3   | Reached skill level 8 in Stealth
 27718 | Lair:3   | Identified 3 potions of resistance
 28008 | Lair:3   | Found a sacrificial altar of Ru.
 28271 | Lair:3   | Reached skill level 21 in Air Magic
 28682 | Orc:1    | Entered Level 1 of the Orcish Mines
 29577 | Orc:2    | Entered Level 2 of the Orcish Mines
 29577 | Orc:2    | Found Qeroxuic's Antique Weapon Shop.
 29583 | Orc:2    | Reached XP level 15. HP: 80/80 MP: 15/29
 29764 | Orc:2    | Found a staircase to the Elven Halls.
 29871 | Orc:2    | Offered knowledge of Plasma Beam by Vehumet.
 29933 | Orc:2    | Learned a level 6 spell: Plasma Beam
 29957 | Orc:2    | Reached skill level 9 in Stealth
 29964 | Orc:2    | Reached skill level 1 in Fire Magic
 30227 | Orc:2    | Reached skill level 2 in Fire Magic
 30463 | Orc:2    | Reached skill level 10 in Spellcasting
 30858 | Orc:2    | Noticed an orc warlord
 30868 | Orc:2    | Reached skill level 3 in Fire Magic
 31038 | Orc:2    | Killed an orc warlord
 31277 | Orc:2    | Identified a +2 robe of resistance
 31496 | Orc:2    | Reached skill level 4 in Fire Magic
 31625 | Orc:2    | Found Tedug's Antique Armour Emporium.
 31705 | Orc:2    | Found Leopt's Book Boutique.
 31793 | Orc:2    | Found Uggusoi's General Store.
 32158 | D:1      | Bought a scroll of butterflies for 40 gold pieces
 32158 | D:1      | Bought a scroll of identify for 20 gold pieces
 32414 | Swamp:1  | Entered Level 1 of the Swamp
 32414 | Swamp:1  | Noticed a thorn hunter
 32421 | Swamp:1  | Killed a thorn hunter
 32422 | Swamp:1  | Reached skill level 10 in Stealth
 32750 | Swamp:1  | You are sucked into a shaft and drop 1 floor!
 32849 | Swamp:1  | Reached skill level 5 in Fire Magic
 33564 | Swamp:1  | Identified the +8 battleaxe "Detty" {elec, rElec rPois rF-
                  | rC++}
 33640 | Swamp:1  | Reached skill level 6 in Fire Magic
 33846 | Swamp:1  | Reached skill level 11 in Stealth
 34372 | Swamp:2  | Reached skill level 12 in Stealth
 34866 | Swamp:2  | Identified the +6 plate armour of Xumichao {Dex+3}
 34977 | Swamp:3  | Offered knowledge of Irradiate by Vehumet.
 35501 | Swamp:3  | Noticed a thorn hunter
 35506 | Swamp:3  | Killed a thorn hunter
 35599 | Swamp:3  | Reached skill level 13 in Stealth
 35625 | Swamp:3  | Reached XP level 16. HP: 84/84 MP: 6/31
 36333 | Swamp:4  | Entered Level 4 of the Swamp
 36477 | Swamp:4  | Noticed a thorn hunter
 36491 | Swamp:4  | Killed a thorn hunter
 36492 | Swamp:4  | Reached skill level 14 in Stealth
 36496 | Swamp:4  | Noticed a tentacled monstrosity
 37153 | Swamp:3  | Killed a tentacled monstrosity
 37570 | Swamp:4  | Reached skill level 5 in Fighting
 37954 | Swamp:4  | Noticed a fenstrider witch
 37957 | Swamp:4  | Killed a fenstrider witch
 38159 | Swamp:4  | Reached skill level 6 in Fighting
 38166 | Swamp:4  | Noticed a fenstrider witch
 38168 | Swamp:4  | Killed a fenstrider witch
 38363 | Swamp:4  | Reached skill level 11 in Spellcasting
 38661 | Swamp:4  | Noticed a fenstrider witch
 38665 | Swamp:4  | Killed a fenstrider witch
 38985 | Swamp:4  | Reached skill level 7 in Fighting
 38988 | Swamp:4  | Noticed a tentacled monstrosity
 39190 | Swamp:4  | Killed a tentacled monstrosity
 40035 | Swamp:4  | Reached skill level 8 in Fighting
 40137 | Swamp:4  | Offered knowledge of Starburst by Vehumet.
 40518 | Swamp:4  | Got a decaying rune of Zot
 40656 | Spider:1 | Entered Level 1 of the Spider Nest
 40825 | Spider:1 | Reached XP level 17. HP: 97/97 MP: 21/33
 41301 | Spider:1 | Reached skill level 7 in Evocations
 41304 | Spider:1 | Reached skill level 12 in Spellcasting
 42186 | Spider:1 | Reached skill level 9 in Fighting
 42207 | Spider:1 | Noticed Louise
 42601 | D:10     | Killed drugrobin's ghost
 42775 | D:10     | Found a staircase to the Orcish Mines.
 42898 | D:10     | Found a shimmering altar of Xom.
 43321 | D:13     | Reached skill level 8 in Evocations
 43321 | D:13     | Offered knowledge of Leda's Unmaking by Vehumet.
 43421 | D:13     | Noticed Nessos
 43424 | D:13     | Killed Nessos
 43614 | D:13     | Noticed Lodul
 43621 | D:13     | Killed Lodul
 43883 | D:13     | Identified the +2 leather armour of Reason {rPois rC++ rN+
                  | Int-2}
 43948 | D:13     | Noticed Urug
 43949 | D:13     | Killed Urug
 44836 | D:14     | Reached skill level 10 in Fighting
 44870 | D:14     | Reached skill level 9 in Evocations
 45542 | D:14     | Reached skill level 3 in Armour
 45671 | D:14     | Found a gate to the Vaults.
 45810 | D:15     | Entered Level 15 of the Dungeon
 45861 | D:15     | Reached skill level 7 in Conjurations
 46095 | D:15     | Noticed Itobb's ghost (adept FoFi)
 46129 | D:15     | Found a transporter.
 46791 | Spider:1 | Killed Louise
 46973 | Spider:1 | Reached skill level 4 in Armour
 46973 | Spider:1 | Reached skill level 7 in Fire Magic
 47385 | Spider:1 | You are sucked into a shaft and drop 1 floor!
 47519 | Spider:1 | Noticed Asterion
 47523 | Spider:1 | Killed Asterion
 47524 | Spider:1 | Reached skill level 8 in Conjurations
 47730 | Spider:1 | Reached skill level 8 in Fire Magic
 48790 | Spider:2 | Reached XP level 18. HP: 108/108 MP: 19/35
 49433 | Spider:2 | Noticed Arachne
 49443 | Spider:2 | Killed Arachne
 50043 | Spider:3 | Reached skill level 11 in Fighting
 50364 | Spider:3 | Reached skill level 14 in Dodging
 50622 | Spider:3 | Reached ****** piety under Vehumet
 50948 | Spider:3 | Learned a level 8 spell: Maxwell's Capacitive Coupling
 51557 | Spider:4 | Entered Level 4 of the Spider Nest
 53148 | Spider:4 | Offered knowledge of Fire Storm by Vehumet.
 53148 | Spider:4 | Offered knowledge of Shatter by Vehumet.
 53148 | Spider:4 | Offered knowledge of Chain Lightning by Vehumet.
 53175 | Spider:4 | Identified the +2 pair of boots "Xiergh" {rC+ Dex+2}
 53177 | Spider:4 | Mangled by an emperor scorpion

Vanquished Creatures
  2 tentacled monstrosities
  Asterion (Spider:1)
  3 thorn hunters
  3 fenstrider witches (Swamp:4)
  2 emperor scorpions
  Louise (Spider:1)
  2 broodmothers
  An orc warlord (Orc:2)
  Nessos (D:13)
  6 eleionomae
  The ghost of Fagh the Fighter, a journeyman DsCK of Xom (Lair:4)
  2 dire elephants (Lair:5)
  3 spark wasps
  6 bunyips
  2 green deaths (Swamp:4)
  4 entropy weavers
  3 shambling mangroves
  3 spriggan air magi (Swamp:4)
  The ghost of drugrobin the Severer, a journeyman DgDe (D:10)
  10 hydras
  A death knight (D:13)
  2 ghost crabs
  5 ogre magi
  4 radroaches
  5 centaur warriors
  3 death yaks (Lair:5)
  4 boulder beetles
  5 two-headed ogres
  A dancing weapon (D:10)
  9 alligators
  8 demonic crawlers
  Urug (D:13)
  5 tengu warriors
  A hell knight (Volcano)
  6 orc high priests (Orc:2)
  Sonja (D:10)
  2 sixfirhies (Swamp:4)
  Lodul (D:13)
  9 goliath frogs
  A salamander mystic (Volcano)
  2 pharaoh ants
  5 skeletal warriors
  4 orb spiders
  A death drake (Swamp:3)
  2 spectral death yaks (Lair:5)
  2 wizards (Swamp:4)
  2 bog bodies (Swamp:4)
  2 spriggan druids (Swamp:4)
  2 swamp dragons
  5 steelbarb worms
  2 orc knights (Orc:2)
  3 necromancers (Lair:5)
  Pikel (D:4)
  3 deep elf pyromancers
  16 wolf spiders
  4 orc sorcerers
  3 manticores
  An ugly thing (D:13)
  3 will-o-the-wisps
  A cyclops (D:12)
  5 salamanders (Volcano)
  Maurice (D:10)
  12 elephants (Lair:5)
  A moth of wrath (Spider:4)
  4 torpor snails
  3 black mambas
  6 cane toads
  5 orange demons (Swamp:4)
  4 gargoyles
  A water nymph (shapeshifter) (D:14)
  3 rime drakes
  2 unseen horrors
  13 komodo dragons
  4 tengu conjurers (D:14)
  13 meliai
  7 trolls
  5 tyrant leeches
  4 bloated husks
  A polar bear (shapeshifter) (D:13)
  2 hellwings (Swamp:4)
  20 blink frogs
  6 hornets
  3 polar bears
  A spectral elephant (Lair:5)
  20 tarantellas
  7 slime creatures
  7 dream sheep (Lair:5)
  30 jumping spiders
  25 culicivoras
  2 shadows
  3 spriggans
  3 wyverns
  A vampire (D:12)
  43 yaks
  5 wraiths
  46 redbacks
  2 neqoxecs (Swamp:4)
  6 steam dragons
  2 death yak simulacra (Lair:5)
  2 spectral cane toads (Lair:5)
  22 vampire mosquitoes
  2 wargs
  17 swamp worms
  3 acid dragons
  16 water moccasins
  37 orc warriors
  5 ice beasts
  2 black bears (D:8)
  6 swamp drakes
  6 sky beasts
  14 ogres
  32 wolves
  An elephant skeleton (Lair:5)
  3 lemures (D:4)
  21 centaurs
  2 phantoms (D:7)
  10 kobold brigands
  Blork the orc (D:5)
  7 bullfrogs
  2 gnoll sergeants
  3 cane toad simulacra (Lair:5)
  4 scorpions
  A wight (D:7)
  11 killer bees
  2 elephant simulacra (Lair:5)
  An electric eel (Spider:2)
  2 howler monkeys
  5 jellies
  A hound (D:6)
  13 orc priests
  Crazy Yiuf (D:7)
  2 gnoll boudas
  3 sleepcaps
  7 iguanas
  Natasha (thrice) (D:4)
  22 orc wizards
  8 hell rats
  A statue (D:4)
  Robin (D:3)
  22 gnolls
  9 adders
  4 river rats (Sewer)
  3 shadow imps
  4 white imps
  4 worms
  66 orcs
  8 ball pythons
  2 bat zombies (D:5)
  2 endoplasms
  2 giant cockroaches
  17 goblins
  11 hobgoblins
  3 jackals (D:4)
  24 kobolds
  A quokka (D:4)
  4 bats
  A frilled lizard (D:3)
  13 rats
  A rat zombie (D:5)
1026 creatures vanquished.

Vanquished Creatures (collateral kills)
  Arachne (Spider:2)
  A boulder beetle (Spider:3)
2 creatures vanquished.

Vanquished Creatures (others)
  2 bloated husks (Swamp:1)
  A white imp (D:7)
  8 foxfires (Swamp:4)
11 creatures vanquished.

Grand Total: 1039 creatures vanquished

Table legend: (Time is in decaauts)
 A = Elapsed time spent in this place.
 B = Non-inter-level travel time spent in this place.
 C = Inter-level travel time spent in this place.
 D = Time resting spent in this place.
 E = Time spent auto-exploring this place.
 F = Levels seen in this place.
 G = Mean time per level.
                   A        B        C        D        E       F      G
               +--------+--------+--------+--------+--------+-----+--------+
         Total |  51128 |  48004 |   3124 |  11546 |  29708 |  34 | 1503.8 |
       Dungeon |  21298 |  19585 |   1713 |   2574 |  14033 |  15 | 1419.9 |
        Temple |    115 |    115 |      0 |      0 |    114 |   1 |  115.0 |
          Lair |  11805 |  11207 |    598 |   3107 |   6871 |   5 | 2361.0 |
         Swamp |   7287 |   6836 |    451 |   2519 |   3452 |   4 | 1821.8 |
   Spider Nest |   6275 |   6035 |    240 |   2050 |   3038 |   4 | 1568.8 |
  Orcish Mines |   2824 |   2704 |    120 |    770 |   1568 |   2 | 1412.0 |
         Sewer |    294 |    294 |      0 |    130 |    104 |   1 |  294.0 |
        Bailey |    591 |    591 |      0 |    111 |    337 |   1 |  591.0 |
       Volcano |    635 |    635 |      0 |    282 |    190 |   1 |  635.0 |
               +--------+--------+--------+--------+--------+-----+--------+

Top non-repeatable levels by time:
  Lair:2: 3761 daAuts
  Lair:5: 3658 daAuts
Spider:3: 2968 daAuts
 Swamp:3: 2839 daAuts
     D:7: 2795 daAuts
     D:9: 2295 daAuts
    D:10: 2262 daAuts
 Swamp:4: 2047 daAuts
Spider:1: 1880 daAuts
     D:5: 1747 daAuts
  Lair:4: 1696 daAuts
   Orc:2: 1596 daAuts
     D:8: 1589 daAuts
    D:11: 1531 daAuts
    D:13: 1410 daAuts

Table legend:
 A = Non-vault XP
 B = Vault XP
 C = Vault XP percentage of total XP
 D = Non-vault monster count
 E = Vault monster count
 F = Vault count percentage of total count
                 A         B        C        D         E       F
            +---------+---------+-------+---------+---------+-------
      Total |  193245 |   90103 |  31.8 |     765 |     262 |  25.5
            +---------+---------+-------+---------+---------+-------
        D:1 |      56 |       2 |   3.4 |      10 |       2 |  16.7
        D:2 |      56 |       0 |   0.0 |      11 |       0 |   0.0
        D:3 |     138 |      71 |  34.0 |      24 |      21 |  46.7
        D:4 |     435 |     675 |  60.8 |      26 |       3 |  10.3
        D:5 |    1734 |     104 |   5.7 |      27 |       4 |  12.9
        D:6 |     758 |       5 |   0.7 |      14 |       1 |   6.7
        D:7 |    1226 |    3045 |  71.3 |      18 |      31 |  63.3
        D:8 |     878 |     361 |  29.1 |      13 |       1 |   7.1
        D:9 |    7090 |     563 |   7.4 |      42 |      14 |  25.0
       D:10 |    3205 |    2936 |  47.8 |      28 |       4 |  12.5
       D:11 |    4480 |       0 |   0.0 |      10 |       0 |   0.0
       D:12 |    5531 |    1485 |  21.2 |      28 |       4 |  12.5
       D:13 |    6285 |    3458 |  35.5 |      18 |      10 |  35.7
       D:14 |   10184 |    2471 |  19.5 |      22 |       3 |  12.0
       D:15 |    3217 |     804 |  20.0 |      10 |       1 |   9.1
     Lair:1 |    3742 |    1835 |  32.9 |      17 |       7 |  29.2
     Lair:2 |    7173 |    1608 |  18.3 |      31 |       6 |  16.2
     Lair:3 |    6167 |       0 |   0.0 |      34 |       0 |   0.0
     Lair:4 |    2206 |    1006 |  31.3 |      10 |       1 |   9.1
     Lair:5 |   13555 |   11046 |  44.9 |      42 |      25 |  37.3
    Swamp:1 |   11571 |     394 |   3.3 |      21 |       3 |  12.5
    Swamp:2 |    9487 |       0 |   0.0 |      18 |       0 |   0.0
    Swamp:3 |   11320 |    3586 |  24.1 |      20 |       3 |  13.0
    Swamp:4 |   14719 |   27238 |  64.9 |      26 |      36 |  58.1
   Spider:1 |   22977 |    3167 |  12.1 |      72 |       3 |   4.0
   Spider:2 |   12394 |    2263 |  15.4 |      34 |       1 |   2.9
   Spider:3 |   14753 |    1356 |   8.4 |      31 |       2 |   6.1
   Spider:4 |   11845 |    4527 |  27.7 |      29 |      11 |  27.5
      Orc:1 |    2079 |       0 |   0.0 |      38 |       0 |   0.0
      Orc:2 |    3984 |   10678 |  72.8 |      41 |      27 |  39.7
      Sewer |       0 |      92 | 100.0 |       0 |      11 | 100.0
     Bailey |       0 |    1122 | 100.0 |       0 |      20 | 100.0
    Volcano |       0 |    4205 | 100.0 |       0 |       7 | 100.0
            +---------+---------+-------+---------+---------+-------

Levels and vault maps discovered:
D:1:      dpeg_arrival_rooms_with_view, layout_loops_cross, serial_shops,
          nicolae_book_shop_shelving, nicolae_shop_stone, shop,
          nicolae_lakefront_shop
D:2:      layout_rooms, serial_shops, shop
D:3:      minmay_angry_zag, layout_basic, cheibrodos_sewer_entry_drain,
          serial_bayou_lake_a, uniq_robin
D:4:      layout_loops_cross, vehumet_statue, uniq_natasha, uniq_pikel
D:5:      layout_loops_ring, lemuel_coloured_pillars_altar,
          lemuel_zombie_altar_kikubaaqudgha, minmay_temple_entry_glass,
          serial_shops, nicolae_shop_window_shopping, minivault_25,
          uniq_blork_the_orc
D:6:      layout_cave_pools, cheibrodos_ashenzari_chains,
          mainiacjoe_overflow_large_starburst, slow_altar_2
D:7:      minmay_the_grid_square_5x5_3x3
          [minmay_the_grid_square_5x5_checkered_sparse,
          minmay_the_grid_square_5x5_one_wall,
          minmay_the_grid_square_5x5_spiral_small,
          minmay_the_grid_square_5x5_eight,
          minmay_the_grid_square_5x5_megaprize_hollow,
          minmay_the_grid_square_5x5_meh,
          minmay_the_grid_square_5x5_checkered_statues,
          minmay_the_grid_square_5x5_hourglass,
          minmay_the_grid_square_5x5_eight_small], layout_basic,
          xom_redecorated, hangedman_decor_peaks_small, minmay_joined_circles,
          uniq_crazy_yiuf_cottage
D:8:      layout_loops_corners, mainiacjoe_overflow_small_starburst,
          david_lair_shrubbed, enter_bailey_8
D:9:      layout_roguey, kennysheep_mini, mainiacjoe_overflow_24_doors,
          lemuel_doored_altar, lightli_church_of_beogh
D:10:     layout_irregular_city, orc_0_dummy, ebering_ghost_xom, uniq_maurice,
          uniq_sonja
D:11:     layout_roguey, hangedman_decor_opposing
D:12:     layout_rooms, kennysheep_opposing_triangles
D:13:     layout_roguey, uniq_urug, uniq_nessos, uniq_lodul
D:14:     layout_rooms, david_vaults_2, chequers_serial_rivers_micro_c
D:15:     grunt_enter_depths_snipers, layout_loops_ring,
          hangedman_abyss_or_decor_stabs, gammafunk_ghost_stat_death,
          enter_trove_1
Temple:   nicolae_temple_two_arcs
Lair:1:   layout_gridlike, pond
Lair:2:   layout_chaotic_city, minmay_swamp_entry_reptiles,
          spider_nest_entry_webs, serial_forest, infiniplex_forest_clump_large,
          infiniplex_forest_clump_medium, infiniplex_forest_lined_3,
          infiniplex_forest_lined_3_way, infiniplex_forest_split,
          infiniplex_forest_straight_4, infiniplex_forest_clump_medium,
          nzn_masters_of_martial_movement
Lair:3:   layout_loops_ring, basic_altar
Lair:4:   layout_cave_shapes, slime_entry_1, basic_altar,
          ebering_ghost_rock_garden, enter_volcano_4
Lair:5:   due_jungle_book, layout_loops_ring, chequers_serial_rivers_room_a
Swamp:1:  layout_basic_swamp, hangedman_swamp_blocks, swamp_pool5
Swamp:2:  layout_falls_marsh, serial_swamp_ruin, evilmike_swamp_ruin_rubble_1,
          evilmike_swamp_ruin_house_5
Swamp:3:  layout_falls_marsh, evilmike_swamp_ruin_house_4,
          infiniplex_staircase_pool
Swamp:4:  nzn_swamp_witches_coven, layout_basic_swamp
Spider:1: layout_spider_delve, hangedman_spider_tarantella_strand,
          uniq_asterion, uniq_louise
Spider:2: layout_spider_delve, uniq_arachne
Spider:3: layout_spider_delve, drop_trap
Spider:4: grunt_spider_rune_island
Orc:1:    layout_caves, serial_shops, shop
Orc:2:    grunt_orc_gardens, layout_caves, grunt_orc_garden, grunt_orc_garden,
          grunt_orc_garden, grunt_orc_garden
